 Dungeon Crawl Stone Soup version 0.28.0-45-g0d030f2227 (webtiles) character file.

Game seed: 15266140689572057641

80 NinjaNoafa the Ruffian (level 4, 0/36 HPs)
             Began as a Draconian Transmuter on Apr 12, 2022.
             Was an Initiate of Hepliaklqana.
             Slain by Grinder (6 damage)
             ... on level 3 of the Dungeon.
             The game lasted 00:02:10 (1971 turns).

NinjaNoafa the Ruffian (Draconian Transmuter)       Turns: 1971, Time: 00:02:11

Health: 0/36       AC:  5    Str: 14    XL:     4   Next: 18%
Magic:  7/7        EV: 12    Int: 20    God:    Hepliaklqana [......]
Gold:   39         SH:  0    Dex: 11    Spells: 7/8 levels left

rFire   . . .      SeeInvis .   h - +0 hand axe (vorpal)
rCold   . . .      Faith    .   (no shield)
rNeg    . . .      Spirit   .   (armour unavailable)
rPois   .          Reflect  .   (helmet currently unavailable)
rElec   .          Harm     .   (no cloak)
rCorr   .          Rampage  .   (no gloves)
Will    .....                   (boots currently unavailable)
Stlth   +.........              (no amulet)
HPRegen 0.12/turn               i - +6 ring of intelligence
MPRegen 0.10/turn               (no ring)

@: appendages (expiring)
A: horns 2, talons 2, AC +5, unfitting armour, cold-blooded
a: End Transformation, Renounce Religion


You were on level 3 of the Dungeon.
You worshipped Hepliaklqana.
Hepliaklqana was noncommittal.
You had temporarily grown beastly horns and talons.
You visited 1 branch of the dungeon, and saw 3 of its levels.

You collected 39 gold pieces.

Inventory:

Hand Weapons
 h - a +0 vorpal hand axe (weapon)
Missiles
 b - 63 stones
Jewellery
 i - a +6 ring of intelligence (left hand)
Scrolls
 a - a scroll of noise {unknown}
 c - a scroll of teleportation {unknown}
 g - a scroll of identify {unknown}
Potions
 d - a potion of might {unknown}
 e - a potion of brilliance {unknown}
 f - a potion of ambrosia {unknown}
 j - 2 potions of attraction {unknown}


   Skills:
 + Level 2.1 Fighting
 + Level 1.1 Axes
 + Level 2.4 Dodging
 - Level 3.1 Unarmed Combat
 + Level 2.5 Spellcasting
 + Level 2.6 Transmutations


You had 7 spell levels left.
You knew the following spells:

 Your Spells              Type           Power      Damage    Failure   Level
a - Beastly Appendage     Tmut           26%        N/A       4%          1

Your spell library contained the following spells:

 Spells                   Type           Power      Damage    Failure   Level
 Wereblood                Tmut           13%        N/A       8%          2
 Spider Form              Tmut/Pois      7%         N/A       26%         3
 Ice Form                 Ice/Tmut       7%         N/A       65%         4


Dungeon Overview and Level Annotations

Branches:
Dungeon (3/15)

Altars:
Hepliaklqana

Annotations:
D:3 Grinder


Innate Abilities, Weirdness & Mutations

You have temporarily grown beastly horns and talons.
Your plain brown scales are hard. (AC +5)
You cannot fit into any form of body armour.
You are cold-blooded and may be slowed by cold attacks.


Message History

Casting: Beastly Appendage (safe; 4% risk of failure)
Confirm with . or Enter, or press ? or * to list all spells.
You grow a pair of large bovine horns.
Your feet morph into talons.
The goblin shouts!
You barely miss Grinder. Grinder hits you.
You writhe in agony.
Grinder gestures at you.
You suddenly lose the ability to move!
Grinder gestures at you.
You shrug off the repeated paralysis!
Grinder gestures at you.
You shrug off the repeated paralysis!
Grinder blinks!
The goblin hits you but does no damage.
Grinder blinks!
Your transformation is almost over.
The goblin hits you but does no damage.
You can move again.
You hit the goblin.
You kill the goblin!
Grinder blinks!
The goblin closely misses you.
You closely miss the goblin. You claw the goblin.
You kill the goblin!
Grinder says, "My boss said I was rubbish.
His entrails said otherwise."
Grinder blinks!
Things that are here:
a +0 dagger; a +0 dagger You hit Grinder.
You claw Grinder. Your headbutt misses Grinder.
Your tail-slap misses Grinder.
Grinder is moderately wounded.
Grinder blinks!
Grinder gestures at you. Pain shoots through your body!
Grinder gestures at you. Pain shoots through your body!
Grinder closely misses you.
You hit Grinder but do no damage.
Grinder is moderately wounded.
Grinder hits you.
* * * LOW HITPOINT WARNING * * *
You writhe in agony.
You die...

#.# # ###.#
#...# #.### #.#
##)## ##...##
##.....##
#...@...#
.......5.......
####............
##.......##.#
##........ #
##.####### #.#
#.#


You could see Grinder.

Vanquished Creatures
  4 adders (D:2)
  A worm (D:2)
  A dart slug (D:2)
  An orc (D:3)
  3 bats
  5 endoplasms
  3 goblins
  5 hobgoblins
  3 jackals (D:2)
  2 kobolds (D:2)
  A quokka (D:2)
  6 ball pythons
  2 frilled lizards
37 creatures vanquished.

Notes
Turn   | Place    | Note
-------+----------+-------------------------------------------
     0 | D:1      | NinjaNoafa the Draconian Transmuter began the quest for the
                  | Orb.
     0 | D:1      | Reached XP level 1. HP: 16/16 MP: 3/3
   427 | D:1      | Reached XP level 2. HP: 20/23 MP: 3/5
   985 | D:2      | Found a faded altar of an unknown god.
  1026 | D:2      | Reached XP level 3. HP: 27/29 MP: 6/6
  1330 | D:2      | Reached skill level 1 in Axes
  1486 | D:2      | Found a hazy altar of Hepliaklqana.
  1602 | D:2      | Became a worshipper of Hepliaklqana the Forgotten
  1635 | D:2      | Reached XP level 4. HP: 19/36 MP: 7/7
  1954 | D:3      | Noticed Grinder
  1958 | D:3      | Paralysed by Grinder for 6 turns
  1971 | D:3      | Slain by Grinder

Illustrated notes

Levels and vault maps discovered:
D:1:      amcnicky_arrival_choice, layout_loops_cross
D:2:      layout_basic, hellmonk_ecumenical_altar_dog_temple, basic_altar
D:3:      layout_loops_ring, uniq_crazy_yiuf_cottage, uniq_grinder

Skill      XL: |  1  2  3 |
---------------+----------+-----
Dodging        | 2 |  2.4
Fighting       | 2 |  2.1
Axes           | 1 |  1.1
Unarmed Combat | |  3.1
Spellcasting   | |  2.5
Transmutations | |  2.6

Action                   |  1- 3 |  4- 6 || total
-------------------------+-------+-------++-------
Melee: Unarmed           |    20 |       ||    20
       Kick              |    14 |     6 ||    20
       Headbutt          |     7 |       ||     7
       Tailslap          |     6 |       ||     6
       Hand axe          |    58 |     9 ||    67
 Cast: Beastly Appendage |    12 |     3 ||    15
 Stab: Sleeping          |     1 |       ||     1
Armor: Skin              |    29 |     4 ||    33
Dodge: Dodged            |    67 |     7 ||    74
